 Dungeon Crawl Stone Soup version 0.16.2-12-gd0ad4c3 (webtiles) character file.

321 faibistes the Magician (level 6, -6/32 HPs)
             Began as a Deep Elf Wizard on Feb 2, 2019.
             Killed by divine providence
             ... invoked by an orc priest
              (15 damage)
             ... on level 4 of the Dungeon.
             The game lasted 00:10:37 (3921 turns).

faibistes the Magician (Deep Elf Wizard)            Turns: 3921, Time: 00:10:37

Health: -6/32      AC:  3    Str:  4    XL:     6   Next: 22%
Magic:  19/22      EV: 13    Int: 25    God:
Gold:   169        SH:  0    Dex: 13    Spells: 6 memorised, 5 levels left

rFire  . . .     SeeInvis .     w - +0 dagger (venom)
rCold  . . .     Clarity  .     a - +0 robe
rNeg   . . .     SustAb   .     (no shield)
rPois  .         Gourm    .     b - +0 hat
rElec  .         Spirit   .     p - +0 cloak
rCorr  .         Warding  .     (no gloves)
rMut   +         Stasis   .     (no boots)
MR     .....                    k - amulet of resist mutation
Stlth  ++........               (no ring)
                                (no ring)

@: repel missiles, not resistant to hostile enchantments, unstealthy
A: no striking features
a: no special abilities


You were on level 4 of the Dungeon.
You were not hungry.

You visited 1 branch of the dungeon, and saw 4 of its levels.

You collected 169 gold pieces.

Inventory:

Hand weapons
 e - a +0 dagger
 f - a +1 dagger of flaming
 w - a +0 dagger of venom (weapon)
Armour
 a - a +0 robe (worn)
 b - a +0 hat (worn)
 p - a +0 cloak (worn)
Jewellery
 k - an amulet of resist mutation (around neck)
Scrolls
 g - a scroll of fog {unknown}
 h - a scroll of identify {unknown}
 i - a scroll of recharging {unknown}
 l - a scroll of amnesia {unknown}
 m - a scroll of teleportation {unknown}
 n - a scroll of immolation {unknown}
 r - a scroll of enchant armour {unknown}
Potions
 o - 2 potions of mutation {unknown}
 q - a potion of agility {unknown}
 s - a potion of might {unknown}
Books
 c - a book of Minor Magic

   Spells                             Type                      Level
   a - Magic Dart                     Conjuration                  1
   b - Blink                          Translocation                2
   c - Call Imp                       Summoning                    2
   d - Repel Missiles                 Charms/Air                   2
   e - Slow                           Hexes                        2
   f - Conjure Flame                  Conjuration/Fire             3
   g - Mephitic Cloud                 Conjuration/Poison/Air       3
Comestibles
 d - 2 bread rations
 j - 5 chunks of flesh
 t - a meat ration


   Skills:
 * Level 0.0 Fighting
 + Level 4.0 Dodging
 - Level 2.4 Stealth
 * Level 6.9 Spellcasting
 - Level 3.6 Conjurations
 - Level 1.1 Summonings
 - Level 2.5 Translocations


You had 5 spell levels left.
You knew the following spells:

 Your Spells              Type           Power        Failure   Level  Hunger
a - Magic Dart            Conj           ####         1%          1    None
b - Conjure Flame         Conj/Fire      ###.....     12%         3    None
c - Call Imp              Summ           ##......     10%         2    None
d - Blink                 Tloc           N/A          4%          2    None
e - Mephitic Cloud        Conj/Pois/Air  ##......     14%         3    None
f - Repel Missiles        Chrm/Air       #.....       12%         2    None


Dungeon Overview and Level Annotations

Branches:
Dungeon (4/15)
 Temple: D:4-7

Altars:
Kikubaaqudgha
Qazlal

Annotations:
D:3 Grinder


Message History

The orc priest appears confused.
The orc hits you with a short sword.
You hit the orc but do no damage.
The orc is severely wounded.
The orc hits you with a short sword.
An orc and an orc priest come into view.
Casting: Mephitic Cloud
Confirm with . or Enter, or press ? or * to list all spells.
Aiming: Magic Dart
Press: ? - help, Shift-Dir - straight line, f/p - orc priest
Aim: an orc priest, wielding a mace and wearing a leather armour (moderately wounded, bewildered and confused)
The magic dart hits the orc priest.
The orc priest is moderately wounded.
The orc hits you with a short sword.
* * * LOW HITPOINT WARNING * * *
The orc moves out of view.
The orc priest looks braver.
The orc hits you but does no damage.
The orc priest invokes the aid of Beogh against you.
Something smites you!
You die...

. o. .#
######..#
#.......#
#..@...)#
#....o......#
####......###
...o......
...........
....#.#####
..... .. ...^
.. # #


You could see 2 orc priests and an orc.

Vanquished Creatures
  An ogre (D:4)
  Crazy Yiuf (D:2)
  An orc priest (D:3)
  An iguana (D:2)
  5 adders
  A worm (D:2)
  4 giant geckos
  An ooze (D:1)
  8 orcs
  6 giant cockroaches
  7 hobgoblins
  6 jackals (D:3)
  6 kobolds
  2 quokkas
  A ball python (D:2)
  9 bats
  9 goblins
  6 rats
  A fungus (D:2)
76 creatures vanquished.

Vanquished Creatures (collateral kills)
  An adder (D:2)
  A giant gecko (D:2)
  2 hobgoblins (D:1)
  2 jackals (D:2)
  A goblin (D:2)
  2 kobolds (D:1)
9 creatures vanquished.

Vanquished Creatures (others)
  2 white imps (D:1)
2 creatures vanquished.

Grand Total: 87 creatures vanquished

Notes
Turn   | Place    | Note
--------------------------------------------------------------
     0 | D:1      | faibistes, the Deep Elf Wizard, began the quest for the Orb.
     0 | D:1      | Reached XP level 1. HP: 10/10 MP: 6/6
   381 | D:1      | Reached XP level 2. HP: 15/15 MP: 2/10
   448 | D:1      | Learned a level 2 spell: Blink
   451 | D:1      | Learned a level 2 spell: Call Imp
   690 | D:2      | Reached skill level 5 in Spellcasting
  1302 | D:1      | Reached XP level 3. HP: 19/19 MP: 10/14
  1307 | D:1      | Learned a level 3 spell: Conjure Flame
  1311 | D:1      | Learned a level 3 spell: Mephitic Cloud
  1571 | D:2      | Found a stormy altar of Qazlal.
  1571 | D:2      | Found an ancient bone altar of Kikubaaqudgha.
  1907 | D:2      | Reached XP level 4. HP: 24/24 MP: 8/17
  1911 | D:2      | Learned a level 2 spell: Repel Missiles
  2366 | D:2      | Noticed Crazy Yiuf
  2381 | D:2      | Killed Crazy Yiuf
  2522 | D:3      | Reached skill level 6 in Spellcasting
  2692 | D:3      | Reached XP level 5. HP: 5/28 MP: 15/20
  2941 | D:3      | Noticed Grinder
  3850 | D:4      | Noticed an ogre
  3858 | D:4      | Killed an ogre
  3858 | D:4      | Reached XP level 6. HP: 32/32 MP: 12/22
  3921 | D:4      | Killed from afar by an orc priest

Action                   |  1- 3 |  4- 6 || total
-------------------------+-------+-------++-------
Melee: Dagger            |     6 |    41 ||    47
 Cast: Magic Dart        |    93 |    91 ||   184
       Call Imp          |    11 |     2 ||    13
       Mephitic Cloud    |       |     8 ||     8
       Blink             |       |     4 ||     4
       Conjure Flame     |       |     2 ||     2
       Repel Missiles    |       |     1 ||     1
  Eat: Chunk             |     3 |     6 ||     9
